cohdb
Replays
Latest Replays
All Replays
Popular Replays
Top Player Replays
Match Explorer
How It Works
Community
CoH3 Stats
Reddit
Sign in to upload your games and track your stats! →
Sign in with Steam
Match 42646029
Unlisted
Match 42646029
Overview
Messages
Build Orders
End
Royal Engineer Section
Construct Section Command Post
Selects Heavy Armor Battlegroup
Dingo Light Scout Car
Infantry Section
Infantry Section
Infantry Section
Construct Platoon Command Post
Selects Rigorous Vehicle Training
Selects Light Vehicle Withdraw and Refit
Unlock M3 Stuart Light Tanks
Selects Radio Net
M3 Stuart Light Tank
M3 Stuart Light Tank
Selects Forward Repair Assembly
Light Vehicle Training
Infantry Training
Selects UNKNOWN (2162094)
Infantry Section
Construct Company Command Post
Big Red
Surveillance-Buoy 2
ConcernedApe
chaislaya69
0
0
Comments
sign in to comment!
No comments posted yet!